 Dungeon Crawl Stone Soup version 0.29-a0-824-gd827844252 (webtiles) character file.

Game seed: 18274299551159142794

701 buhh the Insei (level 7, -1/48 HPs)
             Began as an Octopode Transmuter on July 9, 2022.
             Slain by an iguana (14 damage)
             ... on level 5 of the Dungeon.
             The game lasted 00:04:07 (6228 turns).

buhh the Insei (Octopode Transmuter)                Turns: 6228, Time: 00:04:07

Health: -1/48      AC:  2    Str:  9    XL:     7   Next: 66%
Magic:  4/10       EV: 22    Int: 17    God:
Gold:   304        SH:  0    Dex: 18    Spells: 4/10 levels left

rFire   . . .      SeeInvis .     - Unarmed
rCold   . . .      Faith    .   (shield currently unavailable)
rNeg    . . .      Spirit   .   (helmet currently unavailable)
rPois   x          Reflect  .   (no amulet)
rElec   .          Harm     .   (no ring)
rCorr   .          Rampage  .   (no ring)
Will    .....                   (no ring)
Stlth   ++........              (no ring)
HPRegen 0.16/turn               (no ring)
MPRegen 0.12/turn               (no ring)
                                (no ring)
                                (no ring)

@: spider-form, very slightly contaminated
A: venomous fangs, almost no armour, (amphibious), 8 rings, tiny, (camouflage
1), (gelatinous body 1), (nimble swimmer 1), (tentacles)
a: End Transformation


You were on level 5 of the Dungeon.
You were a venomous arachnid creature.
You visited 1 branch of the dungeon, and saw 5 of its levels.
You also visited: Sewer.

You collected 304 gold pieces.

Inventory:

Jewellery
 h - a ring of magical power
 j - an amulet of magic regeneration
Wands
 a - a wand of mindburst (17)
Scrolls
 c - a scroll of identify {!d}
 d - 2 scrolls of enchant weapon
 e - a scroll of magic mapping {!r!d}
 g - 5 scrolls of teleportation {!d}
 m - a scroll of immolation {!d}
 t - 2 scrolls of blinking {!d}
Potions
 b - a potion of might
 f - 4 potions of curing {unknown}
 i - 3 potions of flight {unknown}
 l - a potion of heal wounds {unknown}
 n - a potion of attraction {unknown}
 q - 2 potions of invisibility {unknown}
 r - a potion of haste {unknown}
 s - a potion of mutation {unknown}


   Skills:
 + Level 4.3 Fighting
 + Level 4.7 Dodging
 - Level 2.0 Stealth
 + Level 5.5 Unarmed Combat
 - Level 2.0 Spellcasting
 - Level 2.0 Transmutations
 - Level 2.0 Poison Magic


You had 4 spell levels left.
You knew the following spells:

 Your Spells              Type           Power      Damage    Failure   Level
a - Beastly Appendage     Tmut           16%        N/A       22%         1
b - Wereblood             Tmut           8%         N/A       30%         2
c - Spider Form           Tmut/Pois      8%         N/A       47%         3

Your spell library contained the following spells:

 Spells                   Type           Power      Damage    Failure   Level
 Ensorcelled Hibernation  Hex/Ice        2%         N/A       50%         2
 Scorch                   Fire           2%         2d5       50%         2
 Frozen Ramparts          Ice            2%         1d2       71%         3
 Gell's Gravitas          Tloc           1%         N/A       71%         3
 Lesser Beckoning         Tloc           1%         N/A       71%         3
 Teleport Other           Tloc           1%         N/A       71%         3
 Ice Form                 Ice/Tmut       5%         N/A       90%         4
 Anguish                  Hex/Necr       0%         N/A       96%         4
 Flame Wave               Conj/Fire      1%         2d4       96%         4
 Fulminant Prism          Conj/Hex       0%         3d6       96%         4
 Iskenderun's Mystic Bla  Conj/Tloc      1%         2d3       96%         4
 Summon Ice Beast         Ice/Summ       1%         N/A       96%         4
 Lee's Rapid Deconstruct  Erth           0%         3d5*      100%        5
 Summon Cactus Giant      Summ           0%         N/A       100%        6


Dungeon Overview and Level Annotations

Branches:
Dungeon (5/15) Zot: 24704   Sewer (visited)
 Temple: D:4-7

Altars:
Okawaru
Sif Muna

Annotations:
D:2 exclusion: downstairs


Innate Abilities, Weirdness & Mutations

You are a venomous arachnid creature.
You have poisonous fangs.
You are tiny and dextrous.
Your spellcasting is less reliable in this form.
Your armour is entirely melded.
You are incapable of wielding weapons or throwing items.
You cannot wear most types of armour.
((You are amphibious.))
You can wear up to eight rings at the same time.
((Your skin changes colour to match your surroundings (Stealth+).))
((Your rubbery body absorbs attacks. (AC +1, EV +1)))
((You are camouflaged when in or above water. (Stealth+)))
((You have tentacles for arms and can constrict up to eight enemies at once.))


Message History

You tentacle-slap the adder.
You pierce the adder.
The adder is almost dead.
You constrict the adder.
You kill the adder!
No target in view!
You miscast Spider Form.
You are very lightly contaminated with residual magic.
Nothing appears to happen.
No target in view!
No target in view!
No target in view!
An iguana is nearby!
An iguana is nearby!
An iguana is nearby!
You see here an adder corpse.
You tentacle-slap the iguana but do no damage.
You grab the iguana.
You pierce the iguana.
You squeeze the iguana.
The iguana is moderately wounded.
You constrict the iguana, but do no damage.
The iguana bites you!
You completely miss the iguana.
The iguana is moderately wounded.
You constrict the iguana. The iguana closely misses you.
You tentacle-slap the iguana but do no damage.
You squeeze the iguana, but do no damage.
The iguana is moderately wounded.
Your transformation is almost over.
You constrict the iguana. The iguana bites you!
You are too injured to fight recklessly!
You are too injured to fight recklessly!
Your tentacle spike disappears.
You turn into a venomous arachnid creature.
You lose your grip on the iguana.
The iguana bites you.
* * * LOW HITPOINT WARNING * * *
You hit the iguana but do no damage.
The iguana is poisoned.
The iguana is moderately wounded.
You hit the iguana but do no damage.
The iguana is heavily wounded.
The iguana bites you!
You die...

... ..... ...# ##..
...... .# #..# #....
..... ...# #..# .....
... .... #..# ......
..###..# #..#
....###...$.## #..###
##.l#.......## #.....
#...s........# #.<.†.
........#.†...##
#.....
........##...##
#.....
........#.....###
#.....
...#............#
#..... ..
##..#!......## #.....
#
...###.....#####.....
... #..###.......####
. ..... ######...###


You could see an iguana (very poisoned).

Vanquished Creatures
  Menkaure (D:4)
  Duvessa (D:4)
  An ogre (D:5)
  A necrophage (D:5)
  Dowan (D:4)
  2 jellies
  An iguana (D:4)
  4 gnolls
  7 adders
  2 river rats
  5 worms
  3 dart slugs
  3 endoplasms
  2 giant cockroaches
  3 goblins
  5 hobgoblins
  14 ball pythons
  7 bats
  3 frilled lizards
  10 kobolds
  6 rats
82 creatures vanquished.

Notes
Turn   | Place    | Note
-------+----------+-------------------------------------------
     0 | D:1      | buhh the Octopode Transmuter began the quest for the Orb.
     0 | D:1      | Reached XP level 1. HP: 13/13 MP: 3/3
   159 | D:1      | Reached XP level 2. HP: 18/18 MP: 3/5
   477 | D:1      | Found a faded altar of an unknown god.
   761 | D:1      | Learned a level 2 spell: Wereblood
  1229 | D:2      | Reached XP level 3. HP: 23/23 MP: 4/6
  1734 | D:2      | Reached XP level 4. HP: 25/29 MP: 3/7
  2484 | D:4      | Found a glowing drain.
  2484 | D:4      | Noticed Menkaure
  2488 | Sewer    | Entered a sewer
  3368 | Sewer    | Reached XP level 5. HP: 35/35 MP: 8/8
  3427 | D:4      | Reached skill level 4 in Unarmed Combat
  3431 | D:4      | Killed Menkaure
  3432 | D:4      | Reached XP level 6. HP: 14/42 MP: 7/9
  3753 | D:4      | Identified the +10 falchion of Karma {vorpal, rPois}
  3966 | D:4      | Found an iron altar of Okawaru.
  3994 | D:4      | Found a shimmering blue altar of Sif Muna.
  4000 | D:4      | Noticed Duvessa
  4008 | D:4      | Noticed Dowan
  4253 | D:2      | Learned a level 3 spell: Spider Form
  5353 | D:4      | Killed Duvessa
  5354 | D:4      | Reached skill level 5 in Unarmed Combat
  5354 | D:4      | Reached XP level 7. HP: 8/47 MP: 7/10
  5824 | D:4      | Killed Dowan
  6046 | D:5      | Entered Level 5 of the Dungeon
  6228 | D:5      | Slain by an iguana

Illustrated notes

Levels and vault maps discovered:
D:1:      dpeg_arrival_arbitrary_b, layout_basic,
          chequers_ecumenical_altar_simple, minmay_misc_feat_four_crosses
D:2:      layout_loops_ring, kennysheep_generic_room_15
D:3:      layout_rooms
D:4:      layout_rooms, kennysheep_little_box, nicolae_overflow_crystal_walls,
          portal_sewer_entry_a, uniq_duvessa, uniq_menkaure
D:5:      nicolae_cairo_tiling_large_dashed, layout_rooms,
          minmay_temple_entry_from_below_a, uniq_pikel

Skill      XL: |  1  2  3  4  5  6  7 |
---------------+----------------------+-----
Stealth        | 1 2 |  2.0
Poison Magic   | 1 2 |  2.0
Fighting       | 2 3 4 |  4.3
Dodging        | 3 4 |  4.7
Unarmed Combat | 4 5 |  5.5
Spellcasting   | |  2.0
Transmutations | |  2.0

Action                   |  1- 3 |  4- 6 |  7- 9 || total
-------------------------+-------+-------+-------++-------
Melee: Unarmed           |    54 |   126 |    33 ||   213
       Constrict         |    15 |    22 |     4 ||    41
       Kick              |    16 |    16 |     4 ||    36
       Tentacles         |     9 |    17 |     4 ||    30
       Punch             |     2 |     2 |     1 ||     5
 Cast: Beastly Appendage |    24 |    23 |     5 ||    52
       Wereblood         |       |     1 |       ||     1
       Spider Form       |       |     4 |     3 ||     7
  Use: Scroll            |       |    11 |       ||    11
       Potion            |       |     2 |       ||     2
 Stab: Sleeping          |     6 |     5 |     1 ||    12
Armor: Skin              |     3 |    33 |     1 ||    37
Dodge: Dodged            |    33 |    72 |    19 ||   124

Table legend: (Time is in decaauts)
 A = Elapsed time spent in this place.
 B = Non-inter-level travel time spent in this place.
 C = Inter-level travel time spent in this place.
 D = Time resting spent in this place.
 E = Time spent auto-exploring this place.
 F = Levels seen in this place.
 G = Mean time per level.
                   A        B        C        D        E       F      G
               +--------+--------+--------+--------+--------+-----+--------+
         Total |   6216 |   6058 |    158 |   1714 |   3668 |   6 | 1036.0 |
       Dungeon |   5294 |   5136 |    158 |   1502 |   3110 |   5 | 1058.8 |
         Sewer |    921 |    921 |      0 |    212 |    558 |   1 |  921.0 |
               +--------+--------+--------+--------+--------+-----+--------+

Top non-repeatable levels by time:
     D:2: 2049 daAuts
     D:3: 1263 daAuts
     D:1: 932 daAuts
   Sewer: 921 daAuts
     D:4: 869 daAuts
     D:5: 179 daAuts
